 Dungeon Crawl Stone Soup version 0.25-a0-558-g78a2afb0af (webtiles) character file.

Game seed: 2110063813251867660, levelgen mode: deterministic

113 Leibowitz the Sneak (level 5, -1/28 HPs)
             Began as a Kobold Enchanter on Feb 24, 2020.
             Killed by nerve-wracking pain
             ... invoked by Grinder
              (12 damage)
             ... while paralysed by Grinder
             ... on level 3 of the Dungeon.
             The game lasted 00:11:49 (3248 turns).

Leibowitz the Sneak (Kobold Enchanter)              Turns: 3248, Time: 00:11:49

Health: -1/28      AC:  3    Str:  6    XL:     5   Next: 17%
Magic:  6/9        EV:  3    Int: 17    God:
Gold:   125        SH:  0    Dex: 15    Spells: 3/9 levels left

rFire    + . .     SeeInvis .   p - +0 rapier
rCold    . . .     Gourm    .   (shield restricted)
rNeg     . . .     Faith    .   b - +0 robe
rPois    .         Spirit   .   (no helmet)
rElec    .         Reflect  .   (no cloak)
rCorr    .         Harm     .   (no gloves)
MR       .....                  m - +0 pair of boots
Stlth    +++.......             (no amulet)
HPRegen  0.09/turn              i - ring of protection from fire
MPRegen  0.11/turn              (no ring)

@: paralysed, confusing touch
A: small, carnivore
a: no special abilities


You were on level 3 of the Dungeon.
You were very full.

You visited 1 branch of the dungeon, and saw 3 of its levels.

You collected 125 gold pieces.

Inventory:

Hand Weapons
 a - a +1 dagger
 p - a +0 rapier (weapon)
Missiles
 c - a throwing net (quivered)
Armour
 b - a +0 robe (worn)
 m - a +0 pair of boots (worn)
Jewellery
 i - a ring of protection from fire (left hand)
Scrolls
 e - a scroll of identify {unknown}
 g - 3 scrolls of teleportation {unknown}
 j - a scroll of enchant armour {unknown}
 k - 5 scrolls of remove curse {unknown}
 n - a scroll of blinking {unknown}
Potions
 f - 2 potions of curing {unknown}
 h - a potion of stabbing {unknown}
 l - a potion of resistance {unknown}
 o - a potion of might
Comestibles
 d - 5 rations


   Skills:
 + Level 0.1 Fighting
 + Level 2.4 Short Blades
 + Level 2.9 Dodging
 + Level 5.2 Stealth
 + Level 2.8 Spellcasting
 + Level 3.7 Hexes
 + Level 1.0 Ice Magic


You had 3 spell levels left.
You knew the following spells:

 Your Spells              Type           Power        Failure   Level  Hunger
a - Corona                Hex            ###....      3%          1    #......
b - Ensorcelled Hibernat  Hex/Ice        ##....       10%         2    ##.....
c - Confusing Touch       Hex            ###.....     12%         3    ###....

Your spell library contained the following spells:

 Spells                   Type           Power        Failure   Level  Hunger
 Tukima's Dance           Hex            ###.....     12%         3    ###....
 Dazzling Flash           Conj/Hex       #.....       24%         3    ###....


Dungeon Overview and Level Annotations

Branches:
Dungeon (3/15)

Altars:
Gozag
Nemelex Xobeh

Annotations:
D:3 Grinder


Innate Abilities, Weirdness & Mutations

You are small and have problems with some larger weapons.
You are carnivorous and can eat meat at any time.


Message History

A kobold comes into view.
Found 13 sling bullets.
Found a sparkling altar of Nemelex Xobeh and an opulent altar of Gozag.
Grinder comes into view.
There is an open door here.
The helpless kobold fails to defend itself.
You impale the kobold!!
You kill the kobold!
Grinder shouts!
Casting: Confusing Touch (safe; 12% risk of failure)
Confirm with . or Enter, or press ? or * to list all spells.
Your hands begin to glow red.
Grinder gestures at you.
You suddenly lose the ability to move!
Grinder hits you.
You writhe in agony.
Grinder hits you. Grinder hits you.
You writhe in agony.
Grinder gestures at you. Pain shoots through your body!
You die...

#.#.##.# #.#>##.#
#######.#.#
##.....###.#
##...8...##.#
#.........#.#####
#.⌠._(_.⌠.#.....#####
#.........#.###.....#
#.5@8...##.# #####.#
##.....###.#### #.#
###'### #...)# #.#
#..# #####.####.#
#..# #..........#
#..# #.###(####.#
#.## #.##.#...... #.#
#.##........
#.####.##.....#.#


You could see Grinder.

Vanquished Creatures
  4 adders (D:2)
  2 worms
  2 dart slugs (D:1)
  A leopard gecko (D:3)
  An orc (D:3)
  A giant cockroach (D:1)
  9 goblins
  4 hobgoblins
  10 jackals
  8 kobolds
  A quokka (D:3)
  A ball python (D:2)
  8 bats
  5 frilled lizards
  5 rats
62 creatures vanquished.

Notes
Turn   | Place    | Note
-------+----------+-------------------------------------------
     0 | D:1      | Leibowitz the Kobold Enchanter began the quest for the Orb.
     0 | D:1      | Reached XP level 1. HP: 10/10 MP: 3/3
   189 | D:1      | Reached XP level 2. HP: 15/15 MP: 5/5
   198 | D:1      | Learned a level 2 spell: Ensorcelled Hibernation
   466 | D:1      | Reached XP level 3. HP: 17/19 MP: 0/6
  1250 | D:2      | Learned a level 3 spell: Confusing Touch
  1597 | D:2      | Reached XP level 4. HP: 17/24 MP: 3/7
  1839 | D:2      | Reached skill level 5 in Stealth
  2673 | D:3      | Reached XP level 5. HP: 28/28 MP: 9/9
  2784 | D:3      | Reached skill level 1 in Ice Magic
  3239 | D:3      | Found a sparkling altar of Nemelex Xobeh.
  3239 | D:3      | Found an opulent altar of Gozag.
  3240 | D:3      | Noticed Grinder
  3244 | D:3      | Paralysed by Grinder for 6 turns
  3248 | D:3      | Killed from afar by Grinder

Levels and vault maps discovered:
D:1:      matt_arrival_spirals, layout_basic
D:2:      layout_basic, first_ration
D:3:      layout_loops_ring, grunt_temple_overflow_opulence, lemuel_round_altar,
          uniq_grinder

Skill      XL: |  1  2  3  4  5 |
---------------+----------------+-----
Short Blades   | 2 |  2.4
Stealth        | 5 |  5.2
Ice Magic      | 1 |  1.0
Fighting       | |  0.1
Dodging        | |  2.9
Spellcasting   | |  2.8
Hexes          | |  3.7

Action                   |  1- 3 |  4- 6 || total
-------------------------+-------+-------++-------
Melee: Short sword       |    92 |    82 ||   174
       Rapier            |       |     2 ||     2
 Cast: Corona            |     7 |       ||     7
       Ensorcelled Hiber |    16 |    10 ||    26
       Confusing Touch   |     4 |     6 ||    10
  Use: Potion            |       |     2 ||     2
 Stab: Sleeping          |    17 |    16 ||    33
       Confused          |     3 |     4 ||     7
  Eat: Chunk             |    12 |     6 ||    18
Armor: Robe              |    20 |    19 ||    39
Dodge: Dodged            |    79 |    83 ||   162

Table legend:
 A = Non-vault XP
 B = Vault XP
 C = Vault XP percentage of total XP
 D = Non-vault monster count
 E = Vault monster count
 F = Vault count percentage of total count
                 A         B        C        D         E       F
            +---------+---------+-------+---------+---------+-------
      Total |     162 |       0 |   0.0 |      62 |       0 |   0.0
            +---------+---------+-------+---------+---------+-------
        D:1 |      48 |       0 |   0.0 |      28 |       0 |   0.0
        D:2 |      89 |       0 |   0.0 |      22 |       0 |   0.0
        D:3 |      25 |       0 |   0.0 |      12 |       0 |   0.0
            +---------+---------+-------+---------+---------+-------
